 Dungeon Crawl Stone Soup version 0.27.1-34-g3ba077fa99 (webtiles) character file.

Game seed: 7770248451776006361

6714 Delamore the Covert (level 11, 0/72 HPs)
             Began as an Octopode Brigand on Jan 30, 2022.
             Was an Initiate of Gozag.
             Slain by an orc warrior (10 damage)
             ... on level 9 of the Dungeon.
             The game lasted 00:16:51 (13155 turns).

Delamore the Covert (Octopode Brigand)             Turns: 13155, Time: 00:16:51

Health: 0/72       AC:  9    Str: 10    XL:     11   Next: 3%
Magic:  20/20      EV: 17    Int: 13    God:    Gozag
Gold:   1251       SH:  5    Dex: 18    Spells: 10/10 levels left

rFire    . . .     SeeInvis .   y - +0 rapier (protect)
rCold    . . .     Faith    .   w - +0 buckler
rNeg     + . .     Spirit   .   p - +1 hat
rPois    .         Reflect  .   D - amulet of magic regeneration
rElec    .         Harm     .   B - ring of magical power
rCorr    .         Rampage  .   A - ring of positive energy
Will     .....                  C - +4 ring of evasion
Stlth    +++++++...             (no ring)
HPRegen  0.22/turn              (no ring)
MPRegen  0.42/turn              (no ring)
                                (no ring)
                                (no ring)

@: gold aura, under a protective aura
A: almost no armour, amphibious, 8 rings, camouflage 1, gelatinous body 1,
(nimble swimmer 1), tentacles
a: Renounce Religion, Potion Petition, Call Merchant, Bribe Branch


You were on level 9 of the Dungeon.
You worshipped Gozag.
Gozag was most pleased with you.
You visited 2 branches of the dungeon, and saw 10 of its levels.
You also visited: Bailey.

You collected 1736 gold pieces.
You spent 130 gold pieces at shops.
You paid 355 gold pieces to Gozag.

Inventory:

Hand Weapons
 a - a +2 dagger
 y - a +0 rapier of protection (weapon)
 E - a +2 vampiric dagger
Missiles
 b - 55 poisoned darts (quivered)
 m - 64 boomerangs
Armour
 p - a +1 hat (worn)
 w - a +0 buckler (worn)
Jewellery
 h - a ring of ice
 A - a ring of positive energy (right tentacle)
 B - a ring of magical power (left tentacle)
 C - a +4 ring of evasion (on tentacle)
 D - an amulet of magic regeneration (around mantle)
Wands
 v - a wand of flame (27)
 x - a wand of polymorph (9)
Scrolls
 e - a scroll of brand weapon
 i - a scroll of immolation
 q - 3 scrolls of amnesia
 F - a scroll of enchant weapon
 G - a scroll of summoning
 J - a scroll of teleportation
 K - a scroll of torment
Potions
 d - a potion of mutation {unknown}
 f - 3 potions of flight
 g - 5 potions of lignification {unknown}
 j - 2 potions of heal wounds
 k - 3 potions of degeneration
 l - a potion of might
 n - 2 potions of brilliance {unknown}
 o - a potion of cancellation {unknown}
 r - 3 potions of attraction {unknown}
 s - 3 potions of curing
 t - a potion of invisibility {unknown}
 z - a potion of magic {unknown}
 H - a potion of resistance {unknown}
 I - a potion of ambrosia {unknown}
Miscellaneous
 c - a lightning rod (2/4)
 u - a phantom mirror


   Skills:
 + Level 5.4 Fighting
 + Level 11.0 Short Blades
 - Level 5.0 Throwing
 - Level 1.0 Dodging
 * Level 13.7 Stealth
 - Level 4.0 Shields


You had 10 spell levels left.
You didn't know any spells.
Your spell library contained the following spells:

 Spells                   Type           Power      Damage    Failure   Level
 Animate Skeleton         Necr           0%         N/A       30%         1
 Apportation              Tloc           0%         N/A       30%         1
 Corona                   Hex            0%         N/A       30%         1
 Summon Small Mammal      Summ           0%         N/A       30%         1
 Animate Dead             Necr           0%         N/A       97%         4
 Borgnjor's Vile Clutch   Necr/Erth      0%         N/A       100%        5
 Death Channel            Necr           0%         N/A       100%        6


Dungeon Overview and Level Annotations

Branches:
Dungeon (9/15)             Temple (1/1) D:5             Orc (0/2) D:9
 Bailey (visited)
   Lair: D:8-11

Altars:
Elyvilon
Fedhas
Gozag
Hepliaklqana
Makhleb
Nemelex Xobeh
Qazlal
Ru
Trog
Uskayaw
Wu Jian
Xom
Yredelemnul
Zin

Shops:
D:1 !   D:8 !


Innate Abilities, Weirdness & Mutations

You cannot wear most types of armour.
You are amphibious.
You can wear up to eight rings at the same time.
Your skin changes colour to match your surroundings (Stealth+).
Your rubbery body absorbs attacks. (AC +1, EV +1)
((You are camouflaged near water. (Stealth+)))
You have tentacles for arms and can constrict up to eight enemies at once.


Message History

The gnoll sergeant hits you from afar with a +0 trident!
The orc priest closely misses you. You block the orc warrior's attack.
You are too injured to fight recklessly!
You are too injured to fight recklessly!
You are too injured to fight recklessly!
You are too injured to fight recklessly!
You are too injured to fight recklessly!
You are too injured to fight recklessly!
You are too injured to fight recklessly!
You barely miss the orc warrior.
The orc warrior is severely wounded.
You constrict the orc warrior, but do no damage.
You block the orc's attack. The orc closely misses you.
The gnoll sergeant misses you.
The orc priest hits you but does no damage.
You barely miss the orc warrior.
The orc warrior is severely wounded.
You constrict the orc warrior.
The orc warrior hits you with a +0 hand axe!
The orc is distracted by your dazzling golden aura.
You block the orc's attack.
The gnoll sergeant hits you from afar with a +0 trident.
You release your grip on the orc warrior.
There is an open door here.
Things that are here:
8 gold pieces; a +0 club; a +0 war axe You hit the orc priest but do no damage.
Your grab misses the orc priest. You puncture the orc priest!
You grab the orc priest.
The orc priest is heavily wounded.
You constrict the orc priest, but do no damage.
The orc priest mumbles some strange prayers to Beogh against you.
Beogh smites you!
* * * LOW HITPOINT WARNING * * *
You puncture the orc priest!
You kill the orc priest!
The orc is no longer distracted by gold.
The orc warrior hits you with a +0 hand axe!
You die...
Your body crumbles into a pile of gold.

#......?# *######'####
#####'### *.####### ###.#
*.#....,* #...#
*#.8$$..,* #.###
*..)[$$.,*
##'#######*)$8$$⌠,,######
#...$....##$.#,,,,,#.....
#...$...$ogo.#,,,,,#...$.
#..$$...@#(o.#8,_,>#.....
#.....$$.##$.#,,,,,#.....
#..!<.$..#*.$#,,,,,#.....
#....$...#*..8$,⌠,,#.....
#........#*..'[$,,,####'#
####'#####*#.8[...,* #..#
#.# *.#..$.,* #.## #.#
*.#####** #.# #.# ***
##.#


You could see an orc warrior, a gnoll sergeant and an orc.

Vanquished Creatures
  2 centaur zombies
  Maurice (D:8)
  A troll (D:6)
  Sigmund (D:3)
  A shadow (D:9)
  Grum (D:8)
  Menkaure (D:7)
  3 water moccasins
  15 orc warriors
  A black bear (D:4)
  2 sky beasts (D:7)
  3 ogres
  4 wolves
  4 centaurs
  2 kobold brigands
  2 gnoll sergeants
  2 bullfrogs (D:7)
  A scorpion (D:7)
  4 wyvern zombies (D:7)
  A water moccasin skeleton (D:6)
  5 killer bees
  4 howler monkeys
  3 wights (D:8)
  A bullfrog zombie (D:7)
  5 orc priests
  3 hounds
  A jelly (D:7)
  6 iguanas
  8 orc wizards
  2 killer bee zombies
  A hound skeleton (D:4)
  Robin (D:3)
  13 gnolls
  2 howler monkey zombies
  8 adders
  4 shadow imps
  A white imp (D:6)
  An ufetubus (D:6)
  2 worms
  2 dart slugs
  44 orcs
  4 bats
  4 endoplasms
  A giant cockroach (D:2)
  12 goblins
  13 hobgoblins
  25 kobolds
  2 quokkas
  7 ball pythons
  3 frilled lizards
  2 rats
242 creatures vanquished.

Notes
Turn   | Place    | Note
-------+----------+-------------------------------------------
     0 | D:1      | Delamore the Octopode Brigand began the quest for the Orb.
     0 | D:1      | Reached XP level 1. HP: 14/14 MP: 1/1
   376 | D:1      | Reached XP level 2. HP: 19/19 MP: 2/2
   551 | D:1      | Reached skill level 6 in Stealth
   608 | D:1      | Found Seedaf's Distillery.
   707 | D:2      | Reached XP level 3. HP: 14/24 MP: 3/3
  1005 | D:2      | Found a faded altar of an unknown god.
  1379 | D:2      | Reached skill level 7 in Stealth
  1379 | D:2      | Reached XP level 4. HP: 29/29 MP: 4/4
  1445 | D:3      | Found a hide-covered altar of Uskayaw.
  1445 | D:3      | Noticed a +0 dagger
  1445 | D:3      | Noticed a +0 dagger
  1583 | D:3      | Noticed Sigmund
  1868 | D:1      | Bought a potion of might for 40 gold pieces
  2148 | D:2      | Reached XP level 5. HP: 17/34 MP: 5/5
  2316 | D:3      | Killed Sigmund
  2317 | D:3      | Reached skill level 9 in Stealth
  2317 | D:3      | Reached XP level 6. HP: 30/39 MP: 6/6
  2402 | D:3      | Noticed Robin
  2655 | D:3      | Killed Robin
  3080 | D:4      | Noticed a black bear
  3091 | D:4      | Killed a black bear
  3092 | D:4      | Reached XP level 7. HP: 35/45 MP: 7/7
  3232 | D:4      | Found a glowing silver altar of Zin.
  3324 | D:4      | Reached skill level 10 in Stealth
  3406 | D:4      | Reached skill level 5 in Short Blades
  4257 | D:5      | Entered Level 5 of the Dungeon
  4354 | D:5      | Found a staircase to the Ecumenical Temple.
  4385 | Temple   | Entered the Ecumenical Temple
  4393 | Temple   | Became a worshipper of Gozag Ym Sagoz the Greedy
  4533 | D:5      | Reached XP level 8. HP: 50/50 MP: 8/8
  4872 | D:5      | Found a white marble altar of Elyvilon.
  5316 | D:6      | Noticed a troll
  5431 | D:6      | Reached skill level 1 in Shields
  6279 | D:6      | Reached XP level 9. HP: 35/54 MP: 9/9
  6616 | D:6      | HP: 2/54 [troll (6)]
  6620 | D:6      | Killed a troll
  7410 | D:7      | Reached skill level 10 in Short Blades
  8055 | D:7      | Identified the +1 ring mail "Loexo" {Rampage Dex+4 Stlth+}
  8301 | D:7      | Found a basalt altar of Yredelemnul.
  8311 | D:7      | Reached skill level 11 in Stealth
  8562 | D:7      | Noticed Menkaure
  8572 | D:7      | Killed Menkaure
  8573 | D:7      | Reached XP level 10. HP: 37/63 MP: 10/10
  8849 | D:7      | Found a bloodstained altar of Trog.
  9436 | D:8      | Noticed Maurice
  9443 | D:8      | Killed Maurice
  9466 | D:8      | Reached skill level 12 in Stealth
 10104 | D:8      | Noticed Grum
 10458 | D:8      | Found Inwusixo's Distillery.
 10491 | D:8      | Bought a potion of curing for 30 gold pieces
 10491 | D:8      | Bought a potion of heal wounds for 50 gold pieces
 10491 | D:8      | Bought a potion of degeneration for 10 gold pieces
 10739 | D:8      | Killed Grum
 11129 | D:9      | Found a flagged portal.
 11139 | Bailey   | Entered a bailey
 11437 | Bailey   | Reached skill level 13 in Stealth
 11864 | D:9      | Found a burning altar of Makhleb.
 11898 | D:9      | Reached skill level 5 in Fighting
 12202 | D:9      | Reached skill level 5 in Throwing
 12606 | D:9      | Reached XP level 11. HP: 40/72 MP: 11/11
 12994 | D:9      | Found a sparkling altar of Nemelex Xobeh.
 13155 | D:9      | Slain by an orc warrior

Illustrated notes

Levels and vault maps discovered:
D:1:      heliophobic_arrival_glass_houses, layout_basic, serial_shops, shop,
          kennysheep_decorative_pillar, minmay_misc_feat_cross
D:2:      layout_basic, shapermc_ecumenical_altar_gd
D:3:      layout_basic, dancing_weapons_uskayaw, uniq_sigmund, uniq_robin
D:4:      layout_basic, zin_scriptorium, dk_vineyard_3, lightli_minifort
D:5:      layout_loops_corners, mainiacjoe_overflow_small_starburst,
          minmay_temple_entry_stoned_glass
D:6:      layout_loops_ring, chequers_garden, hangedman_decor_diamond_cutter
D:7:      layout_rooms, trog_butcher_becter, nicolae_yredelemnul_corpse_copse,
          minmay_misc_feat_rows, chequers_jeans, lemuel_another_geyser,
          uniq_menkaure
D:8:      layout_basic, serial_shops, shop_coins, uniq_maurice, uniq_grum
D:9:      layout_roguey, nemelex_diamond_rough_becter, bloody_makhleb,
          david_orc_5, enter_bailey_2
Temple:   eino_temple_lava

Skill      XL: |  1  2  3  4  5  6  7  8  9 10 |
---------------+-------------------------------+-----
Stealth        | 6 7 9 10 11 13 | 13.7
Short Blades   | 3 4 6 8 10 11 | 11.0
Shields        | 4 |  4.0
Fighting       | 3 5 |  5.4
Throwing       | 3 5 |  5.0
Dodging        | |  1.0

Action                   |  1- 3 |  4- 6 |  7- 9 | 10-12 || total
-------------------------+-------+-------+-------+-------++-------
Melee: Dagger            |    34 |    78 |   214 |   216 ||   542
       Tentacles         |     6 |    13 |    80 |    84 ||   183
       Constrict         |     4 |    21 |    36 |    55 ||   116
       Rapier            |       |       |   114 |   106 ||   220
Throw: Dart              |       |    18 |    41 |    42 ||   101
       Boomerang         |       |       |     6 |    16 ||    22
Invok: Potion Petition   |       |       |       |     1 ||     1
Evoke: Wand              |       |       |     4 |       ||     4
       Lightning rod     |       |       |       |     2 ||     2
  Use: Scroll            |       |     3 |     6 |     5 ||    14
       Potion            |       |       |     3 |     2 ||     5
 Stab: Sleeping          |    18 |     7 |    21 |    16 ||    62
       Distracted        |       |     1 |     2 |     1 ||     4
Armor: Skin              |       |    11 |    35 |    28 ||    74
Dodge: Dodged            |     4 |    55 |   132 |   190 ||   381
Block: Buckler           |       |       |    51 |    71 ||   122
